 Dungeon Crawl Stone Soup version 0.31-a0-198-g2ad674f65e (webtiles) character file.

Game seed: 13809600466408737907

26 qw the Shooter (level 2, -2/16 HPs)
             Began as a Deep Elf Hunter on June 25, 2023.
             Slain by a goblin
             ... wielding a +0 club
              (4 damage)
             ... on level 2 of the Dungeon.
             The game lasted 00:00:12 (824 turns).

qw the Shooter (Deep Elf Hunter)                     Turns: 824, Time: 00:00:13

Health: -2/16      AC:  3    Str:  8    XL:     2   Next: 89%
Magic:  4/4        EV: 12    Int: 13    God:
Gold:   68         SH:  0    Dex: 18    Spells: 1/1 levels left

rFire   . . .        Y - +0 shortbow
rCold   . . .        (shield currently unavailable)
rNeg    . . .        c - +0 leather armour
rPois   .            (no helmet)
rElec   .            (no cloak)
rCorr   .            (no gloves)
SInv    .            (no boots)
Will    .....        (no amulet)
Stlth   ++           (no ring)
HPRegen 0.22/turn    (no ring)
MPRegen 0.09/turn

%: no passive effects
@: no status effects
A: no striking features
a: no special abilities


You were on level 2 of the Dungeon.
You visited 1 branch of the dungeon, and saw 2 of its levels.

You collected 68 gold pieces.


   Skills:
 - Level 1.5 Fighting
 + Level 6.6 Ranged Weapons
 - Level 2.4 Dodging
 - Level 1.2 Stealth


You had one spell level left.
You didn't know any spells.
Your spell library was empty.

Inventory:

Hand Weapons
 Y - a +0 shortbow (weapon)
Armour
 c - a +0 leather armour (worn)
Potions
 e - a potion of ambrosia {unknown}

Dungeon Overview and Level Annotations

Branches:
Dungeon (2/15)

Altars:


Message History

You shoot an arrow. The arrow barely misses the jackal. x2
The jackal closely misses you. The goblin hits you but does no damage.
The jackal misses you. The goblin hits you but does no damage.
You shoot an arrow. The arrow hits the jackal.
You kill the jackal!
The jackal closely misses you. The jackal barely misses you.
The goblin hits you with a +0 club. The jackal closely misses you.
You shoot an arrow. The arrow hits the jackal!
You kill the jackal!
The jackal misses you. The goblin hits you with a +0 club.
The jackal bites you but does no damage.
You shoot an arrow. The arrow hits the jackal.
The jackal is heavily wounded.
The jackal barely misses you. The goblin hits you with a +0 club.
The jackal barely misses you.
The jackal bites you but does no damage.
You shoot an arrow. The arrow hits the jackal!
You kill the jackal!
The jackal closely misses you. The goblin misses you. The jackal misses you.
You shoot an arrow. The arrow misses the jackal.
The jackal bites you. The goblin hits you with a +0 club.
The jackal bites you. x2
You shoot an arrow. The arrow hits the jackal.
The jackal is almost dead.
The jackal bites you but does no damage.
The jackal closely misses you. The goblin misses you.
The jackal bites you but does no damage.
The jackal closely misses you. The goblin hits you with a +0 club.
You shoot an arrow. The arrow barely misses the jackal.
The jackal bites you but does no damage.
The jackal misses you. The goblin hits you with a +0 club.
You shoot an arrow. The arrow barely misses the jackal.
The jackal bites you but does no damage.
The jackal closely misses you. x2; The goblin hits you but does no damage.
The jackal closely misses you.
You shoot an arrow. The arrow barely misses the jackal.
The jackal bites you but does no damage.
The jackal closely misses you. The goblin barely misses you.
You shoot an arrow. The arrow closely misses the jackal.
The jackal closely misses you. x2; The goblin hits you with a +0 club.
You die...

#.........
#..<.....#
#........
.......#
......#
..w..###.
#gh......
#@# #h##
#h<# ##.#
#.# #.#
#.# #.#
...


You could see a worm, 3 jackals and a goblin.

Vanquished Creatures
  3 endoplasms
  5 goblins (D:1)
  3 hobgoblins (D:1)
  4 jackals (D:2)
  A ball python (D:1)
  A frilled lizard (D:1)
  A kobold (D:1)
  5 rats (D:1)
23 creatures vanquished.

Notes
Turn   | Place    | Note
-------+----------+-------------------------------------------
     0 | D:1      | qw the Deep Elf Hunter began the quest for the Orb.
     0 | D:1      | Reached XP level 1. HP: 12/12 MP: 3/3
     0 | D:1      | 0 ||| qw: Version: 0.3-a-22-g0ed2b0b
     0 | D:1      | 0 ||| qw: Game counter: 5352
     0 | D:1      | 0 ||| qw: Melee chars always use a shield: true
     0 | D:1      | 0 ||| qw: God list: Okawaru
     0 | D:1      | 0 ||| qw: Allow faded altars: false
     0 | D:1      | 0 ||| qw: Do Orc after clearing Dungeon:15 true
     0 | D:1      | 0 ||| qw: Do second Lair branch before Depths: true
     0 | D:1      | 0 ||| qw: Lair rune preference: random
     0 | D:1      | 0 ||| qw: Goals: Normal
     0 | D:1      | 0 ||| PLANNING D:1-11
    67 | D:1      | Reached XP level 2. HP: 16/16 MP: 4/4
   189 | D:1      | Reached skill level 6 in Ranged Weapons
   299 | D:1      | Found a faded altar of an unknown god.
   786 | D:1      | 786 ||| READING scroll labelled DYIMUAN ZUSUSI.
   787 | D:1      | 787 ||| READING scroll labelled ANERRIE RERRUE.
   788 | D:1      | 788 ||| READING scroll labelled VALAUT WOMIDDI.
   789 | D:1      | 789 ||| DROPPING scroll of butterflies.
   820 | D:2      | HP: 3/16 [goblin/+0 club (3)]
   821 | D:2      | HP: 1/16 [goblin/+0 club (2)]
   824 | D:2      | Slain by a goblin

Levels and vault maps discovered:
D:1:      doesnt_arrival_eight_statues, layout_basic, serial_forest,
          infiniplex_forest_clump_small, infiniplex_forest_end_1,
          infiniplex_forest_straight_4, infiniplex_forest_straight_2,
          infiniplex_forest_split, hellmonk_ecumenical_altar_crossroads
D:2:      layout_loops_ring, serial_bayou_lagoon_b

Skill      XL: |  1  2 |
---------------+-------+-----
Ranged Weapons | 6 |  6.6
Fighting       | |  1.5
Dodging        | |  2.4
Stealth        | |  1.2

Action                     || total
---------------------------++-------
   Fire: Shortbow          ||    46
    Use: Scroll            ||     3
 Armour: Leather armour    ||    10
  Dodge: Dodged            ||    26

Table legend:
 A = Non-vault XP
 B = Vault XP
 C = Vault XP percentage of total XP
 D = Non-vault monster count
 E = Vault monster count
 F = Vault count percentage of total count
                 A         B        C        D         E       F
            +---------+---------+-------+---------+---------+-------
      Total |      38 |       0 |   0.0 |      23 |       0 |   0.0
            +---------+---------+-------+---------+---------+-------
        D:1 |      28 |       0 |   0.0 |      18 |       0 |   0.0
        D:2 |      10 |       0 |   0.0 |       5 |       0 |   0.0
            +---------+---------+-------+---------+---------+-------
